 Dungeon Crawl Stone Soup version 0.17-a0-1105-gbe8b664 (webtiles) character file.

1204 ololoev the Tainter (level 8, -9/52 HPs)
             Began as a Formicid Venom Mage on May 21, 2015.
             Was a Believer of Dithmenos.
             Mangled by a wight
             ... wielding a +0 great sword
              (12 damage)
             ... on level 5 of the Dungeon.
             The game lasted 00:25:11 (7698 turns).

ololoev the Tainter (Formicid Venom Mage)           Turns: 7698, Time: 00:25:11

Health: -9/52      AC:  4    Str: 13    XL:     8   Next: 73%
Magic:  15/16      EV: 11    Int: 20    God:    Dithmenos [**....]
Gold:   227        SH:  0    Dex: 11    Spells: 3 memorised, 8 levels left

rFire  . . .     SeeInvis +     a - +1 rapier (drain)
rCold  . . .     Clarity  .     q - +0 robe
rNeg   . . .     SustAb   .     (no shield)
rPois  .         Gourm    .     (helmet unavailable)
rElec  .         Spirit   .     (no cloak)
rCorr  .         Warding  .     C - +0 pair of gloves
rMut   .         Stasis   +     u - +0 pair of boots
MR     .....                    (no amulet)
Stlth  ++........               (no ring)
                                m - +3 ring of intelligence

@: wreathed by umbra, drained, not resistant to hostile enchantments, unstealthy
A: permanent stasis, dig shafts and tunnels, four strong arms, antennae 3
a: Dig, Shaft Self, Shadow Step, Renounce Religion


Innate Abilities, Weirdness & Mutations

You are under a permanent stasis effect.
You can dig through walls and to a lower floor.
Your four strong arms can wield two-handed weapons with a shield.
You have a pair of large antennae on your head (SInv).

Inventory:

Hand weapons
 a - a +1 rapier of draining (weapon)
 b - a +0 blowgun
Missiles
 s - 3 curare-tipped needles
Armour
 q - a +0 robe (worn)
 u - a +0 pair of boots (worn)
 C - a +0 pair of gloves (worn)
Jewellery
 m - a +3 ring of intelligence (left hand)
Magical devices
 D - a wand of disintegration (6)
Scrolls
 f - 3 scrolls of magic mapping {unknown}
 k - a scroll of noise {unknown}
 n - 3 scrolls of remove curse {unknown}
 p - a scroll of identify {unknown}
 t - a scroll of amnesia {unknown}
 w - 2 scrolls of immolation {unknown}
 x - a scroll of enchant weapon {unknown}
 y - 2 scrolls of fear {unknown}
Potions
 d - 6 potions of curing
 e - 2 potions of ambrosia {unknown}
 g - 2 potions of invisibility {unknown}
 i - 2 potions of heal wounds {unknown}
 l - 2 potions of degeneration {unknown}
 o - a potion of cancellation {unknown}
 v - 2 potions of haste {unknown}
 z - a potion of poison {unknown}
 A - a potion of berserk rage {unknown}
Books
 r - a Young Poisoner's Handbook

   Spells                             Type                      Level
   a - Sting                          Conjuration/Poison           1
   b - Cure Poison                    Poison                       2
   c - Mephitic Cloud                 Conjuration/Poison/Air       3
   d - Olgreb's Toxic Radiance        Poison                       4
   e - Venom Bolt                     Conjuration/Poison           5
Comestibles
 c - 4 bread rations
 h - 7 fruits
 j - 4 meat rations
 B - 2 royal jellies
 E - a chunk of flesh


   Skills:
 - Level 1.7(1.1) Dodging
 - Level 2.4(1.7) Stealth
 + Level 5.3(4.6) Spellcasting
 * Level 6.1(5.3) Conjurations
 + Level 8.5(7.7) Poison Magic


You had 8 spell levels left.
You knew the following spells:

 Your Spells              Type           Power        Failure   Level  Hunger
a - Sting                 Conj/Pois      ####         1%          1    None
b - Mephitic Cloud        Conj/Pois/Air  ###.....     8%          3    ##.....
c - Venom Bolt            Conj/Pois      ####......   24%         5    ######.


You were on level 5 of the Dungeon.
You worshipped Dithmenos.
Dithmenos was pleased with you.
You were not hungry.

You visited 1 branch of the dungeon, and saw 6 of its levels.

You collected 227 gold pieces.

#...........
#####....<......
##...............
##....<...........
#......)..........
#.................
#.................
#.................
#####@z..............#
##.....................
##...........(.##.......
##...............##.#....
##................##......
##.................##..#.#.
#......................#..#
#...................#.###..
#..................##.# ##.

Notes
Turn   | Place    | Note
--------------------------------------------------------------
     0 | D:1      | ololoev the Formicid Venom Mage began the quest for the Orb.
     0 | D:1      | Reached XP level 1. HP: 13/13 MP: 3/3
   590 | D:1      | Reached XP level 2. HP: 13/19 MP: 0/5
  1225 | D:2      | Reached skill level 1 in Conjurations
  1225 | D:2      | Reached XP level 3. HP: 24/24 MP: 1/6
  1653 | D:2      | Learned a level 3 spell: Mephitic Cloud
  1879 | D:2      | Reached XP level 4. HP: 30/30 MP: 2/8
  2440 | D:3      | Found a shadowy altar of Dithmenos.
  2442 | D:3      | Noticed Jessica
  2446 | D:3      | Killed Jessica
  2446 | D:3      | Reached skill level 6 in Poison Magic
  2458 | D:3      | Became a worshipper of Dithmenos the Shadowed
  2654 | D:3      | Reached XP level 5. HP: 32/35 MP: 4/9
  3741 | D:3      | Reached XP level 6. HP: 41/41 MP: 7/11
  4317 | D:4      | Found a blossoming altar of Fedhas.
  4353 | D:4      | Found a shattered altar of Ashenzari.
  4358 | D:4      | Found a burning altar of Makhleb.
  4880 | D:4      | Reached skill level 7 in Poison Magic
  4880 | D:4      | Reached XP level 7. HP: 37/46 MP: 7/13
  5113 | D:4      | Found a glowing golden altar of the Shining One.
  5174 | D:4      | Found a sacrificial altar of Ru.
  5176 | D:4      | Found a stormy altar of Qazlal.
  5421 | D:4      | Acquired Dithmenos's first power
  5774 | D:4      | Reached XP level 8. HP: 52/52 MP: 1/15
  5944 | D:4      | Reached skill level 5 in Conjurations
  6046 | D:4      | Learned a level 5 spell: Venom Bolt
  6294 | D:4      | Reached skill level 8 in Poison Magic
  6444 | D:4      | Noticed an ice beast
  6472 | D:4      | Reached skill level 5 in Spellcasting
  6870 | D:4      | Found a staircase to the Ecumenical Temple.
  7214 | D:5      | Entered Level 5 of the Dungeon
  7243 | D:5      | Noticed Blork the orc
  7297 | D:5      | Killed Blork the orc
  7698 | D:5      | Mangled by a wight

Dungeon Overview and Level Annotations

Branches:
Dungeon (6/15)             Temple (0/1) D:4

Altars:
Ashenzari
Dithmenos
Fedhas
Makhleb
Qazlal
Ru
The Shining One


Message History

Casting: Sting
Confirm with . or Enter, or press ? or * to list all spells.
Aiming: Sting
Press: ? - help, Shift-Dir - straight line, f/p - orc
Aim: an orc, wielding a mace and wearing a chain mail The sting hits the orc.
The orc is lightly wounded.
The wight barely misses you.
You climb upwards.
There is a stone staircase leading down here.
You hit the wight.
The wight is lightly damaged.
You hit the wight but do no damage.
The wight is lightly damaged.
The wight hits you with a great sword!
You barely miss the wight. The wight hits you with a great sword.
You hit the wight.
The wight is lightly damaged.
The wight hits you with a great sword.
You closely miss the wight.
The wight is lightly damaged.
The wight misses you.
You closely miss the wight.
The wight is lightly damaged.
The wight hits you with a great sword!
You feel drained.
You are too injured to fight recklessly!
You are too injured to fight recklessly!
You closely miss the wight.
The wight is lightly damaged.
The wight misses you.
You barely miss the wight.
The wight is lightly damaged.
The wight hits you with a great sword!
You feel drained.
You hit the wight but do no damage.
The wight is lightly damaged.
The wight barely misses you.
You hit the wight.
The wight is moderately damaged.
The wight hits you with a great sword!
You die...

You could see a wight.

Vanquished Creatures
  2 ogres (D:4)
  Blork the orc (D:5)
  A jelly (D:4)
  2 hounds
  3 orc priests
  Jessica (D:3)
  3 gnoll shamans
  An orc wizard (D:3)
  2 worker ants
  8 adders
  43 gnolls (D:4)
  3 oozes
  5 worms
  9 orcs
  11 bats
  2 bat skeletons
  7 hobgoblins
  15 jackals
  3 ball pythons
  3 giant cockroaches
  A giant cockroach zombie (D:3)
  5 giant geckos
  A giant gecko skeleton (D:5)
  5 giant newts
  11 goblins
  A jackal skeleton (D:4)
  5 kobolds
  2 quokkas
  6 rats
162 creatures vanquished.

Action                   |  1- 3 |  4- 6 |  7- 9 || total
-------------------------+-------+-------+-------++-------
Melee: Unarmed           |    55 |    20 |       ||    75
       Flail             |       |    10 |       ||    10
       Falchion          |       |    10 |       ||    10
       Spear             |       |    39 |    39 ||    78
       Rapier            |       |       |    48 ||    48
 Cast: Sting             |    50 |   136 |   138 ||   324
       Mephitic Cloud    |       |     8 |    16 ||    24
 Abil: Dig               |     1 |       |     1 ||     2
  Use: Potion            |     1 |       |       ||     1
 Stab: Confused          |       |     2 |       ||     2
       Sleeping          |       |     1 |     1 ||     2
  Eat: Chunk             |     4 |     9 |    10 ||    23

Vault maps used:
D:1:      dpeg_arrival_central
D:2:      first_bread
D:3:      nicolae_dithmenos_shadow_blocks, uniq_jessica
D:4:      lemuel_castle_with_subvaults, minitemple,
          minmay_temple_entry_statues_pillars, fedhas_altar_3
D:5:      uniq_blork_the_orc
D:6:      serial_glass, glass_columns_a, glass_columns_a, serial_shops,
          nicolae_shop_trees, grunt_decor_clamped, lemuel_statue_altar,
          uniq_sigmund
